 Dungeon Crawl Stone Soup version 0.22.1-2-g9c5b331 (webtiles) character file.

298 Lew the Chopper (level 6, -5/55 HPs)
             Began as a Minotaur Fighter on Nov 16, 2018.
             Killed by nerve-wracking pain
             ... invoked by Grinder
              (6 damage)
             ... while paralysed by Grinder
             ... on level 3 of the Dungeon.
             The game lasted 00:04:16 (1882 turns).

Lew the Chopper (Minotaur Fighter)                  Turns: 1882, Time: 00:04:16

Health: -5/55      AC:  7    Str: 21    XL:     6   Next: 13%
Magic:  5/5        EV:  2    Int:  5    God:
Gold:   123        SH:  0    Dex: 11    Spells: 5/5 levels left

rFire    . . .     SeeInvis .   a - +0 war axe
rCold    . . .     Gourm    .   c - +0 shield
rNeg     . . .     Faith    .   b - +0 scale mail
rPois    .         Spirit   .   (helmet restricted)
rElec    .         Reflect  .   (no cloak)
rCorr    .         Harm     .   (no gloves)
MR       .....                  (no boots)
Stlth    ..........             (no amulet)
HPRegen  0.18/turn              (no ring)
MPRegen  0.09/turn              (no ring)

@: paralysed
A: retaliatory headbutt, horns 2
a: no special abilities


You were on level 3 of the Dungeon.
You were not hungry.

You visited 1 branch of the dungeon, and saw 3 of its levels.

You collected 123 gold pieces.

Inventory:

Hand Weapons
 a - a +0 war axe (weapon)
Armour
 b - a +0 scale mail (worn)
 c - a +0 shield (worn)
Jewellery
 n - an uncursed ring of positive energy
Scrolls
 e - 2 scrolls of immolation
Comestibles
 f - 2 rations


   Skills:
 + Level 4.9 Fighting
 * Level 5.2 Axes
 + Level 4.9 Armour
 + Level 4.9 Shields


You had 5 spell levels left.
You didn't know any spells.
Your spell library was empty.

Dungeon Overview and Level Annotations

Branches:
Dungeon (3/15)

Altars:

Annotations:
D:3 Grinder


Innate Abilities, Weirdness & Mutations

You reflexively headbutt those who attack you in melee.
You have a pair of horns on your head.


Message History

You hit Grinder.
Grinder is severely wounded.
Grinder hits you.
* * * LOW HITPOINT WARNING * * *
You writhe in agony.
* * * LOW HITPOINT WARNING * * *
You barely miss Grinder.
Grinder is severely wounded.
Grinder blinks!
Grinder hits you but does no damage.
You hit Grinder. Your headbutt misses Grinder.
Grinder is almost dead.
Grinder blinks!
Grinder gestures at you.
You suddenly lose the ability to move!
Grinder gestures at you. Pain shoots through your body!
* * * LOW HITPOINT WARNING * * *
Grinder gestures at you. Pain shoots through your body!
You die...

.................#
#.........†.###.##
......†.#...# #.#
............# #.#
#.#.#.......# #.#
# #.........# #.#
..#.#.....# #.#
...........# #.#
.#.........# #@#
#5# #.# #.# #.#
... ... ###


You could see Grinder.

Vanquished Creatures
  Sigmund (D:2)
  2 orc priests (D:2)
  Natasha (D:3)
  An adder (D:2)
  A dart slug (D:2)
  A leopard gecko (D:2)
  5 orcs
  2 ball pythons (D:1)
  A giant cockroach (D:1)
  6 goblins
  5 hobgoblins
  3 kobolds
  A quokka (D:2)
  5 bats
  4 frilled lizards
  6 rats
45 creatures vanquished.

Notes
Turn   | Place    | Note
-------+----------+-------------------------------------------
     0 | D:1      | Lew the Minotaur Fighter began the quest for the Orb.
     0 | D:1      | Reached XP level 1. HP: 19/19 MP: 0/0
   211 | D:1      | Reached XP level 2. HP: 27/27 MP: 1/1
   303 | D:1      | Reached skill level 3 in Axes
   594 | D:2      | Reached XP level 3. HP: 15/33 MP: 2/2
   772 | D:2      | Reached skill level 4 in Axes
   772 | D:2      | Reached XP level 4. HP: 18/40 MP: 3/3
  1089 | D:2      | Noticed Sigmund
  1099 | D:2      | Killed Sigmund
  1099 | D:2      | Reached skill level 5 in Axes
  1099 | D:2      | Reached XP level 5. HP: 31/47 MP: 4/4
  1340 | D:2      | Reached XP level 6. HP: 55/55 MP: 5/5
  1739 | D:3      | Noticed Natasha
  1745 | D:3      | Killed Natasha
  1858 | D:3      | Noticed Grinder
  1858 | D:3      | Paralysed by Grinder for 7 turns
  1878 | D:3      | Paralysed by Grinder for 6 turns
  1880 | D:3      | HP: 1/55 [Grinder/nerve-wracking pain (11)]
  1882 | D:3      | Killed from afar by Grinder

Skill      XL: |  1  2  3  4 |
---------------+-------------+-----
Axes           | 3 4 5 |  5.2
Fighting       | 4 |  4.9
Armour         | 4 |  4.9
Shields        | 4 |  4.9

Action                   |  1- 3 |  4- 6 || total
-------------------------+-------+-------++-------
Melee: War axe           |    48 |    56 ||   104
       Headbutt          |     6 |     4 ||    10
  Use: Potion            |       |     7 ||     7
       Scroll            |       |     7 ||     7
  Eat: Chunk             |       |     1 ||     1
       Ration            |       |     1 ||     1
Armor: Scale mail        |    12 |    22 ||    34
Dodge: Dodged            |    16 |     9 ||    25
Block: Shield            |    20 |    29 ||    49
